 Dungeon Crawl Stone Soup version 0.20.1-1-g8b1a95d (webtiles) character file.

30 polve the Charlatan (level 3, 0/17 HPs)
             Began as a Vine Stalker Artificer on July 24, 2017.
             Slain by a gnoll
             ... wielding a +0 spear
              (8 damage)
             ... on level 1 of the Dungeon.
             The game lasted 00:01:02 (1169 turns).

polve the Charlatan (Vine Stalker Artificer)        Turns: 1169, Time: 00:01:03

Health: 0/17       AC:  3    Str: 14    XL:     3   Next: 20%
Magic:  0/6        EV: 12    Int: 11    God:
Gold:   29         SH:  0    Dex: 15    Spells: 2/2 levels left

rFire    . . .     SeeInvis .   a - +0 short sword
rCold    . . .     Gourm    .   (no shield)
rNeg     . . .     Faith    .   b - +0 leather armour
rPois    .         Spirit   +   (no helmet)
rElec    .         Reflect  .   (no cloak)
rCorr    .         Harm     .   (no gloves)
MR       .....                  (no boots)
Stlth    ++........             (no amulet)
Regen    0.1/turn               (no ring)
MPRegen  0.1/turn               (no ring)

@: no status effects
A: fangs 2, magic shield, antimagic bite, no potion heal 3, rot immunity
a: no special abilities


You were on level 1 of the Dungeon.
You were not hungry.

You visited 1 branch of the dungeon, and saw 1 of its levels.

You collected 29 gold pieces.

Inventory:

Hand Weapons
 a - a +0 short sword (weapon)
Armour
 b - a +0 leather armour (worn)
Jewellery
 h - a +6 ring of dexterity {unknown}
Wands
 c - a wand of flame (14/48)
 d - a wand of enslavement (15/24)
 e - a wand of random effects (15/48)
Scrolls
 i - 2 scrolls of teleportation {unknown}
 j - a scroll of identify {unknown}
 k - a scroll of remove curse {unknown}
 n - a scroll of recharging {unknown}
Potions
 g - 2 potions of curing {unknown}
 l - a potion of cancellation {unknown}
Comestibles
 f - 2 bread rations
 m - 4 fruits
 o - 3 chunks of flesh


   Skills:
 - Level 0.8 Fighting
 + Level 1.9 Short Blades
 + Level 2.3 Dodging
 - Level 1.2 Stealth
 - Level 2.6 Evocations


You had 2 spell levels left.
You didn't know any spells.

Dungeon Overview and Level Annotations

Branches:
Dungeon (1/15)

Altars:


Innate Abilities, Weirdness & Mutations

You have extremely sharp teeth.
When hurt, damage is shared between your health and your magic reserves.
Your bite disrupts and absorbs the magic of your enemies.
Potions cannot restore your health.
You are immune to rotting.


Message History

You closely miss the gnoll. The gnoll hits you with a spear.
You closely miss the gnoll. Your bite misses the gnoll.
The gnoll hits you with a spear!
* * * LOW HITPOINT WARNING * * *
You are too injured to fight recklessly!
You are too injured to fight recklessly!
You are too injured to fight recklessly!
You are too injured to fight recklessly!
You are too injured to fight recklessly!
You are too injured to fight recklessly!
You are too injured to fight recklessly!
You are too injured to fight recklessly!
You are too injured to fight recklessly!
You are too injured to fight recklessly!
You are too injured to fight recklessly!
You are too injured to fight recklessly!
You hit the gnoll. Your bite misses the gnoll.
The gnoll is moderately wounded.
The gnoll hits you with a spear!
You die...

#......##.............
#......##.............
#......##.............
########[.....###############
#.............#
#.############# #.#
###.##################
#.............@g......
######################


You could see a gnoll.

Vanquished Creatures
  An ooze (D:1)
  A dart slug (D:1)
  A ball python (D:1)
  3 bats (D:1)
  2 giant cockroaches (D:1)
  2 goblins (D:1)
  3 hobgoblins (D:1)
  2 jackals (D:1)
  3 kobolds (D:1)
  3 rats (D:1)
21 creatures vanquished.

Notes
Turn   | Place    | Note
-------+----------+-------------------------------------------
     0 | D:1      | polve the Vine Stalker Artificer began the quest for the Orb.
     0 | D:1      | Reached XP level 1. HP: 9/9 MP: 3/3
    24 | D:1      | Reached skill level 1 in Short Blades
   272 | D:1      | Reached XP level 2. HP: 3/14 MP: 3/5
   839 | D:1      | Reached XP level 3. HP: 17/17 MP: 6/6
  1169 | D:1      | Slain by a gnoll

Skill      XL: |  1  2 |
---------------+-------+-----
Short Blades   | 1 |  1.9
Dodging        | 2 |  2.3
Fighting       | |  0.8
Stealth        | |  1.2
Evocations     | |  2.6

Action                   || total
-------------------------++-------
Melee: Short sword       ||    58
       Bite              ||    14
Evoke: Wand              ||     1
 Stab: Sleeping          ||     2
  Eat: Chunk             ||     1
Armor: Leather armour    ||    14
Dodge: Dodged            ||    42
